 Dungeon Crawl Stone Soup version 0.29.1-15-g9cfb28693d (webtiles) character file.

Game seed: 5852345064707849250

63 BuddhaDhamma the Chopper (level 3, 0/46 HPs)
             Began as a Minotaur Berserker on Mar 23, 2023.
             Was a Believer of Trog.
             Shot with a sling bullet by a goblin (2 damage)
             ... led by Robin
             ... on level 2 of the Dungeon.
             The game lasted 00:02:31 (2271 turns).

BuddhaDhamma the Chopper (Minotaur Berserker)       Turns: 2271, Time: 00:02:32

Health: 0/46       AC:  3    Str: 23    XL:     3   Next: 89%
Magic:  2/2        EV: 11    Int:  4    God:    Trog [**....]
Gold:   136        SH:  4    Dex:  9    Spells: 2/2 levels left

rFire   . . .      SeeInvis .   a - +0 hand axe
rCold   . . .      Faith    .   c - +2 buckler
rNeg    . . .      Spirit   .   e - +0 leather armour
rPois   .          Reflect  .   (helmet restricted)
rElec   .          Harm     .   (no cloak)
rCorr   .          Rampage  .   (no gloves)
Will    .....                   (no boots)
Stlth   ..........              (no amulet)
HPRegen 0.15/turn               (no ring)
MPRegen 0.08/turn               (no ring)

@: berserking, very quick
A: horns 2, retaliatory headbutt
a: Renounce Religion, Berserk, Trog's Hand


You were on level 2 of the Dungeon.
You worshipped Trog.
Trog was pleased with you.
You visited 1 branch of the dungeon, and saw 2 of its levels.

You collected 136 gold pieces.

Inventory:

Hand Weapons
 a - a +0 hand axe (weapon)
Armour
 c - a +2 buckler (worn)
 e - a +0 leather armour (worn)
Scrolls
 b - 7 scrolls of teleportation {unknown}
 f - a scroll of magic mapping {unknown}
 g - a scroll of enchant weapon {unknown}
 j - a scroll of amnesia {unknown}
 k - a scroll of blinking {unknown}
 l - a scroll of identify {unknown}
 m - a scroll of butterflies {unknown}
Potions
 d - a potion of mutation {unknown}
 h - 2 potions of might {unknown}
 i - a potion of curing {unknown}
 n - a potion of attraction {unknown}


   Skills:
 - Level 3.6 Fighting
 + Level 5.9 Axes
 - Level 2.4 Armour
 - Level 2.1 Dodging


You had 2 spell levels left.
You didn't know any spells.
Your spell library was empty.

Dungeon Overview and Level Annotations

Branches:
Dungeon (2/15)

Altars:

Annotations:
D:2 Robin


Innate Abilities, Weirdness & Mutations

You have a pair of horns on your head.
You reflexively headbutt those who attack you in melee.


Message History

A red film seems to cover your vision as you go berserk!
You feel yourself moving faster!
You feel mighty! The goblin hits you with a +0 club.
You closely miss the goblin. Your headbutt misses the goblin.
Robin throws the goblin at you! The goblin hits you with a +0 club.
The goblin hits you with a +0 dagger.
* * * LOW HITPOINT WARNING * * *
You slash the goblin!
You kill the goblin!
Trog accepts your kill.
You closely miss the goblin. Robin hits you with a +0 whip.
* * * LOW HITPOINT WARNING * * *
The hobgoblin hits you but does no damage.
Items here: ))) ††.
You closely miss the hobgoblin. You hit Robin but do no damage.
You hit the goblin.
You kill the goblin!
Trog accepts your kill.
Robin zaps a wand.
The puff of flame misses you. The hobgoblin hits you.
* * * LOW HITPOINT WARNING * * *
A goblin comes into view. It is wielding a +0 club.
You slash the hobgoblin!
You kill the hobgoblin!
Trog accepts your kill.
You hit Robin. Robin hits you with a +0 whip.
* * * LOW HITPOINT WARNING * * *
The goblin unwields a +0 club.
The goblin wields a +0 sling.
The goblin shoots a sling bullet.
The sling bullet hits you.
* * * LOW HITPOINT WARNING * * *
You see here a hobgoblin corpse.
You hit Robin. Your headbutt misses Robin.
Robin is heavily wounded.
Robin hits you with a +0 whip.
* * * LOW HITPOINT WARNING * * *
You hit Robin.
Robin is severely wounded.
The goblin shoots a sling bullet.
The sling bullet hits you.
You die...

#### ####### #..
......# #.#
#####.#######.####
.................#
#####.#######.##.#
#.# #.##.##g#
#.#### #)))@...#
#....# ####g####
####.# #.# #.# #.#
#.# #.# #.# #.#
#.# #.# #.# #..
####.#


You could see Robin and a goblin (strong).

Vanquished Creatures
  2 dart slugs
  3 orcs (D:2)
  6 ball pythons
  5 endoplasms
  2 giant cockroaches
  7 goblins
  7 hobgoblins
  5 jackals (D:1)
  3 bats
  6 frilled lizards
  2 kobolds
  A rat (D:1)
49 creatures vanquished.

Notes
Turn   | Place    | Note
-------+----------+-------------------------------------------
     0 | D:1      | BuddhaDhamma the Minotaur Berserker began the quest for the
                  | Orb.
     0 | D:1      | Reached XP level 1. HP: 19/19 MP: 0/0
   126 | D:1      | Reached skill level 4 in Axes
   159 | D:1      | Reached XP level 2. HP: 18/26 MP: 1/1
   728 | D:1      | Reached skill level 5 in Axes
   773 | D:1      | Reached XP level 3. HP: 24/31 MP: 2/2
   861 | D:1      | Reached ** piety under Trog
  1614 | D:2      | Identified the +1 leather armour "Luoraeso" {rC+}
  2257 | D:2      | Noticed Robin
  2270 | D:2      | HP: 2/46 [Robin/+0 whip (4)]
  2271 | D:2      | Shot with a sling bullet by a goblin

Illustrated notes

Levels and vault maps discovered:
D:1:      kennysheep_arrival_seaside, layout_basic, minmay_pentomino_v2
D:2:      layout_loops_ring, minmay_misc_feat_iff, uniq_robin

Skill      XL: |  1  2 |
---------------+-------+-----
Axes           | 4 5 |  5.9
Fighting       | |  3.6
Armour         | |  2.4
Dodging        | |  2.1

Action                   || total
-------------------------++-------
Melee: Hand axe          ||   113
       Headbutt          ||    14
Invok: Berserk           ||     1
 Stab: Sleeping          ||     1
Armor: Animal skin       ||     5
       Leather armour    ||    20
Dodge: Dodged            ||    66
Block: Buckler           ||    15
